 Dungeon Crawl Stone Soup version 0.23.2-1-ga50397a (webtiles) character file.

Game seed: 8037045956060690353

2350 Hogrash the Cleaver (level 9, 0/75 HPs)
             Began as a Hill Orc Monk on May 11, 2019.
             Was a High Priest of Beogh.
             Slain by a wyvern (13 damage)
             ... on level 7 of the Dungeon.
             The game lasted 00:21:12 (8249 turns).

Hogrash the Cleaver (Hill Orc Monk)                 Turns: 8249, Time: 00:21:13

Health: 0/75       AC:  8    Str: 20    XL:     9   Next: 43%
Magic:  12/12      EV:  9    Int: 10    God:    Beogh [*****.]
Gold:   216        SH:  9    Dex: 13    Spells: 8/8 levels left

rFire    . . .     SeeInvis +   a - +0 hand axe
rCold    . . .     Gourm    .   q - +0 shield
rNeg     + . .     Faith    .   s - +3 ring mail of Valiance {rN+ Str+3 SInv}
rPois    .         Spirit   .   (no helmet)
rElec    .         Reflect  .   (no cloak)
rCorr    .         Harm     .   (no gloves)
MR       .....                  (no boots)
Stlth    +.........             (no amulet)
HPRegen  0.22/turn              (no ring)
MPRegen  0.13/turn              (no ring)

@: berserk cooldown, slowed, very slow
A: walk on water
a: Smiting, Recall Orcish Followers, Give Item to Named Follower, Renounce
Religion


You were on level 7 of the Dungeon.
You worshipped Beogh.
Beogh was extremely pleased with you.
You were not hungry.

You visited 1 branch of the dungeon, and saw 7 of its levels.
You also visited: Sewer and Ossuary.

You collected 216 gold pieces.

Inventory:

Hand Weapons
 a - a +0 hand axe (weapon)
 F - the cursed +0 scimitar of Overwhelming Force {slice, rPois rC+ Dex+2}
   (You took it off a centaur on level 7 of the Dungeon)

   It inflicts extra damage upon your enemies.
   It affects your dexterity (+2).
   It protects you from cold.
   It protects you from poison.
   It has a curse placed upon it.
Armour
 b - a +0 robe
 d - a +0 plate armour
 h - a +0 plate armour
 k - a +0 chain mail
 q - a +0 shield (worn)
 s - the +3 ring mail of Valiance (worn) {rN+ Str+3 SInv}
   (You found it on level 4 of the Dungeon)

   It affects your strength (+3).
   It protects you from negative energy.
   It lets you see invisible.
 y - a +0 leather armour of fire resistance
Jewellery
 G - an uncursed ring of flight
Wands
 m - a wand of iceblast (17)
Scrolls
 e - 3 scrolls of immolation
 j - 4 scrolls of remove curse
 l - 4 scrolls of teleportation
 u - a scroll of fog {unknown}
 v - a scroll of noise {unknown}
 w - a scroll of magic mapping
 z - 2 scrolls of identify
 A - a scroll of enchant weapon {unknown}
 E - a scroll of enchant armour {unknown}
Potions
 f - a potion of berserk rage
 g - 2 potions of brilliance {unknown}
 i - 2 potions of flight
 n - a potion of lignification
 o - 3 potions of ambrosia
 p - a potion of mutation {unknown}
 r - a potion of curing {unknown}
 t - 2 potions of agility {unknown}
 x - a potion of haste {unknown}
 B - a potion of cancellation {unknown}
 C - a potion of resistance {unknown}
 D - a potion of experience {unknown}
Comestibles
 c - 13 rations


   Skills:
 + Level 6.0 Fighting
 + Level 12.5 Axes
 + Level 4.1 Armour
 - Level 2.4 Dodging
 - Level 1.5 Stealth
 + Level 4.0 Shields
 + Level 4.9 Invocations


You had 8 spell levels left.
You didn't know any spells.
Your spell library contained the following spells:

 Spells                   Type           Power        Failure   Level  Hunger
 Animate Skeleton         Necr           N/A          95%         1    ##.....
 Apportation              Tloc           #.....       95%         1    ##.....
 Confusing Touch          Hex            #.....       95%         1    ##.....
 Sting                    Conj/Pois      #...         95%         1    ##.....
 Summon Small Mammal      Summ           #...         95%         1    ##.....
 Poisonous Vapours        Pois/Air       #.....       98%         2    ###....
 Mephitic Cloud           Conj/Pois/Air  #.......     100%        3    ####...
 Olgreb's Toxic Radiance  Pois           #.......     100%        4    #####..
 Venom Bolt               Conj/Pois      #.........   100%        5    ######.


Dungeon Overview and Level Annotations

Branches:
Dungeon (7/15)             Temple (0/1) D:4

Altars:
Hepliaklqana
Yredelemnul


Message History

The wyvern bites you!
There is an open door, spattered with blood here.
Things that are here:
a +0 flail; an orc corpse You hit the wyvern but do no damage.
The wyvern bites you but does no damage. x2
You hit the wyvern.
The wyvern is lightly wounded.
The wyvern completely misses you. The wyvern bites you!
* * * LOW HITPOINT WARNING * * *
You hit the wyvern.
The wyvern is lightly wounded.
The wyvern bites you.
* * * LOW HITPOINT WARNING * * *
The wyvern bites you.
* * * LOW HITPOINT WARNING * * *
Unknown command.
The wyvern barely misses you. The wyvern bites you!
You die...

#.##.#,,,,,'*..##[##..*+,,,*,#..#
#.##.#*8,8*#,*#.(#..#*,#,***,#.o.
#.##.#*,,,*#.*#.†#..#*.#,,,,,#o##
#.##.########..##o#*,.####+###.##
*,*#........##.##.##.##........#
*,*##5..###..##.o#..##..#.###..#*
*,* #J.## ##..###o###.....# #..#*
,,* #..# #.....l)...#.#####..#*
***##..#####.##.@.#####ooo.....#*
,,,...[....oo###.## ##o.o....#*
,*,#..#####o.###.#########.....#*
,,,...# #......'...#.'.#...#.#*
,*.#.#* #..###.###'#'###o....#*
,,,,,* #..# #.#.oo.o).#...####
**,*** #..# #.###...###.......
*,* #..# #.#.'...'.#.###### **,**
#..#*#.###'#'#'#.#


You could see a wyvern and the friendly Syrus the orc warrior.

Vanquished Creatures
  A spriggan (D:7)
  2 ogres
  2 centaurs
  A big kobold (D:7)
  An elf zombie (D:7)
  A bullfrog (Sewer)
  2 elf skeletons (D:7)
  A wyvern skeleton (D:7)
  2 scorpions
  A bullfrog zombie (D:7)
  4 crimson imps
  A human zombie (D:7)
  2 hounds
  A jelly (D:7)
  An iguana (D:7)
  2 worker ants (D:4)
  A human skeleton (D:7)
  3 orc wizards
  3 mummies (Ossuary)
  A worker ant zombie (D:6)
  7 gnolls
  8 adders
  A river rat (D:4)
  A shadow imp (D:7)
  9 oozes
  4 adder zombies
  2 adder skeletons
  A worm (D:3)
  3 dart slugs
  14 leopard geckos
  4 orcs
  8 bats
  16 giant cockroaches
  6 goblins
  6 hobgoblins
  13 jackals
  A quokka (D:3)
  3 ball pythons
  10 frilled lizards
  4 goblin zombies (Ossuary)
  4 hobgoblin zombies (Ossuary)
  A jackal skeleton (D:7)
  A jackal zombie (D:5)
  8 kobolds
  4 kobold zombies (Ossuary)
  5 orc skeletons (D:7)
  An orc zombie (D:7)
  A quokka skeleton (D:5)
  11 rats
  3 rat zombies (Ossuary)
193 creatures vanquished.

Vanquished Creatures (collateral kills)
  A vampire (D:7)
  A human (D:5)
  An orc warrior (D:6)
  An ogre (D:5)
  A centaur (D:6)
  3 crimson imps
  2 bullfrog skeletons
  An orc wizard (D:6)
  An iguana (D:6)
  A worker ant (D:5)
  A hound skeleton (D:6)
  An adder (D:5)
  2 leopard geckos
  An orc (D:5)
  A ball python (D:7)
  A goblin skeleton (D:5)
20 creatures vanquished.

Vanquished Creatures (others)
  2 orc warriors (D:7)
  3 orcs
5 creatures vanquished.

Grand Total: 218 creatures vanquished

Notes
Turn   | Place    | Note
-------+----------+-------------------------------------------
     0 | D:1      | Hogrash the Hill Orc Monk began the quest for the Orb.
     0 | D:1      | Reached XP level 1. HP: 19/19 MP: 1/1
   126 | D:1      | Reached XP level 2. HP: 21/26 MP: 2/2
   469 | D:1      | Reached skill level 5 in Axes
   696 | D:1      | Reached XP level 3. HP: 28/31 MP: 3/3
  1129 | D:2      | Reached skill level 6 in Axes
  1562 | D:2      | Reached XP level 4. HP: 37/39 MP: 4/4
  2081 | D:3      | Reached skill level 7 in Axes
  2218 | D:2      | Reached XP level 5. HP: 43/45 MP: 5/5
  2585 | D:3      | Reached skill level 8 in Axes
  2660 | D:3      | Became a worshipper of Beogh the Brigand
  2660 | D:3      | Reached * piety under Beogh
  2660 | D:3      | Reached ** piety under Beogh
  2834 | D:3      | Noticed an ice beast
  3464 | D:4      | Got a warped ring mail
  3502 | D:4      | Found a staircase to the Ecumenical Temple.
  3583 | D:4      | Reached XP level 6. HP: 14/51 MP: 6/6
  3681 | D:4      | Reached skill level 9 in Axes
  3769 | D:4      | Found a glowing drain.
  3816 | Sewer    | Entered a sewer
  4493 | Sewer    | Identified the +3 ring mail of Valiance {rN+ Str+3 SInv}
                  | (You found it on level 4 of the Dungeon)
  4699 | Sewer    | Reached *** piety under Beogh
  4699 | Sewer    | Reached skill level 10 in Axes
  4704 | Sewer    | Reached XP level 7. HP: 54/57 MP: 7/7
  5212 | D:5      | Entered Level 5 of the Dungeon
  5236 | D:5      | Found a hazy altar of Hepliaklqana.
  5373 | D:5      | Found a runed translucent door.
  5373 | D:5      | Noticed a human
  5380 | D:5      | Found a basalt altar of Yredelemnul.
  5427 | D:5      | Killed a human
  5427 | D:5      | Reached skill level 11 in Axes
  5965 | D:5      | Reached XP level 8. HP: 66/66 MP: 8/8
  6199 | D:6      | Reached skill level 1 in Invocations
  6209 | D:6      | Reached skill level 1 in Armour
  6209 | D:6      | Reached skill level 1 in Shields
  6940 | D:6      | You fall through a shaft!
  6987 | D:7      | Noticed a spriggan baker
  7006 | D:7      | Killed a spriggan baker
  7006 | D:7      | Reached skill level 12 in Axes
  7109 | D:7      | Reached skill level 5 in Fighting
  7267 | D:7      | Identified the cursed +0 scimitar of Overwhelming Force
                  | {slice, rPois rC+ Dex+2}
  7267 | D:7      | Noticed a vampire
  7345 | D:7      | Reached XP level 9. HP: 29/74 MP: 11/11
  7376 | D:7      | Reached **** piety under Beogh
  7448 | D:7      | Found a sand-covered staircase.
  7454 | Ossuary  | Entered an ossuary
  8213 | D:7      | Gained Syrus as an ally
  8219 | D:7      | Reached ***** piety under Beogh
  8249 | D:7      | Slain by a wyvern

Skill      XL: |  1  2  3  4  5  6  7  8  9 |
---------------+----------------------------+-----
Axes           | 5 6 7 8 10 11 12 | 12.5
Invocations    | 3 4 |  4.9
Armour         | 3 4 |  4.1
Shields        | 3 4 |  4.0
Fighting       | 5 6 |  6.0
Dodging        | |  2.4
Stealth        | |  1.5

Action                   |  1- 3 |  4- 6 |  7- 9 || total
-------------------------+-------+-------+-------++-------
Melee: Hand axe          |   112 |   445 |   461 ||  1018
Invok: Convert to Beogh  |       |     1 |       ||     1
       Recall Orcish Fol |       |       |     1 ||     1
  Use: Scroll            |       |     8 |     6 ||    14
       Potion            |       |     3 |     2 ||     5
 Stab: Distracted        |       |       |     1 ||     1
       Sleeping          |       |       |     2 ||     2
  Eat: Chunk             |     2 |    11 |     5 ||    18
       Ration            |       |       |     2 ||     2
Armor: Plate armour      |   107 |   261 |       ||   368
       Skin              |       |    42 |       ||    42
       Ring mail         |       |    27 |    96 ||   123
Dodge: Dodged            |    29 |   133 |   126 ||   288
Block: Shield            |       |       |   127 ||   127
